 Dungeon Crawl Stone Soup version 0.23.0 (webtiles) character file.

Game seed: 6845425819180576103

192 loopi the Magician (level 5, -1/24 HPs)
             Began as a Spriggan Conjurer on Feb 24, 2019.
             Killed by divine providence
             ... invoked by an orc priest
              (15 damage)
             ... on level 4 of the Dungeon.
             The game lasted 00:12:50 (4132 turns).

loopi the Magician (Spriggan Conjurer)              Turns: 4132, Time: 00:12:50

Health: -1/24      AC:  3    Str:  4    XL:     5   Next: 42%
Magic:  5/13       EV: 18    Int: 17    God:
Gold:   181        SH:  0    Dex: 17    Spells: 8/14 levels left

rFire    . . .     SeeInvis +   g - +0 short sword
rCold    . . .     Gourm    .   (shield restricted)
rNeg     . . .     Faith    .   a - +0 robe
rPois    .         Spirit   .   (helmet restricted)
rElec    .         Reflect  .   s - +0 cloak {+Inv}
rCorr    .         Harm     .   (gloves unavailable)
MR       .....                  (boots unavailable)
Stlth    ++........             (no amulet)
HPRegen  0.08/turn              (no ring)
MPRegen  0.13/turn              (no ring)

@: very quick
A: very small, unfitting armour, see invisible, herbivore, speed 3, slow
metabolism 2
a: Evoke Invisibility


You were on level 4 of the Dungeon.
You were not hungry.

You visited 1 branch of the dungeon, and saw 4 of its levels.

You collected 181 gold pieces.

Inventory:

Hand Weapons
 f - a +0 hand axe
 g - a +0 short sword (weapon)
 m - a +0 dagger
 o - a +0 hunting sling
 r - a +2 vampiric whip
Missiles
 d - 5 tomahawks
 e - 182 stones (quivered)
 h - 41 arrows
 k - 57 sling bullets
Armour
 a - a +0 robe (worn)
 s - a +0 cloak of invisibility (worn)
Jewellery
 v - a cursed ring of teleportation {unknown}
Wands
 u - a wand of paralysis (4)
Scrolls
 b - a scroll of fear {unknown}
 i - a scroll of fog {unknown}
 p - a scroll of magic mapping {unknown}
 q - a scroll of identify {unknown}
 t - a scroll of teleportation {unknown}
Potions
 j - a potion of ambrosia {unknown}
 l - a potion of mutation {unknown}
 n - a potion of agility {unknown}
 w - 2 potions of curing {unknown}
Comestibles
 c - 6 rations


   Skills:
 - Level 3.0 Dodging
 - Level 3.0 Stealth
 - Level 5.1 Spellcasting
 - Level 4.0 Conjurations
 + Level 1.8 Hexes


You had 8 spell levels left.
You knew the following spells:

 Your Spells              Type           Power        Failure   Level  Hunger
a - Magic Dart            Conj           ###.         2%          1    None
b - Searing Ray           Conj           ###...       4%          2    #......
c - Dazzling Spray        Conj/Hex       ##....       13%         3    ###....

Your spell library contained the following spells:

 Spells                   Type           Power        Failure   Level  Hunger
 Iskenderun's Mystic Bla  Conj           ###.....     26%         4    ####...
 Fulminant Prism          Conj/Hex       ##........   38%         4    ####...
 Force Lance              Conj/Tloc      ##......     52%         4    ####...


Dungeon Overview and Level Annotations

Branches:
Dungeon (4/15)
 Temple: D:4-7

Altars:

Shops:
D:4 =

Annotations:
D:4 Ijyb


Innate Abilities, Weirdness & Mutations

You are very small and have problems with some larger weapons.
You are too small for most types of armour.
You have supernaturally acute eyesight. (SInv)
You are a herbivore.
You cover ground extremely quickly.
You need to consume almost no food.


Message History

Casting: Magic Dart (safe; 2% risk of failure)
Confirm with . or Enter, or press ? or * to list all spells.
Aiming: Magic Dart (safe; 2% risk of failure)
Press: ? - help, Shift-Dir - straight line, f/p - orc priest
Aim: an orc priest, wielding a +0 whip and wearing a +0 chain mail (moderately wounded)
The magic dart hits the orc priest.
The orc priest is moderately wounded.
The orc priest calls down the wrath of Beogh upon you.
Beogh smites you!
Casting: Magic Dart (safe; 2% risk of failure)
Confirm with . or Enter, or press ? or * to list all spells.
Aiming: Magic Dart (safe; 2% risk of failure)
Press: ? - help, Shift-Dir - straight line, f/p - orc priest
Aim: an orc priest, wielding a +0 whip and wearing a +0 chain mail (moderately wounded)
The magic dart hits the orc priest.
The orc priest is severely wounded.
The orc priest invokes the aid of Beogh against you.
Beogh smites you!
Ouch! That really hurt!
You die...

#.##.#
#.#.#.#####...####
#....#
#.#.#.......#.#####
..[.<###.#
#.#.#######.#.....#
..#. ###.# #.#.#
#.#####.# # #...#
#...# #.......# #
#.#.# #####
######### #.#.#.#
#...#.##########
#.....#.....@.#
.###.##..#.......#
.........#.......#
w###.............#
....#...#........#
### #........o...##
##....##......#
#..#.##......#
..>..##......#


You could see an orc priest.

Vanquished Creatures
  A scorpion (D:2)
  A hound (D:4)
  A worker ant (D:2)
  2 adders
  2 oozes (D:1)
  3 worms
  A dart slug (D:1)
  3 leopard geckos
  6 orcs
  3 bats
  2 giant cockroaches
  4 hobgoblins
  6 frilled lizards
  5 goblins
  5 kobolds
  A quokka skeleton (D:4)
  9 rats
55 creatures vanquished.

Notes
Turn   | Place    | Note
-------+----------+-------------------------------------------
     0 | D:1      | loopi the Spriggan Conjurer began the quest for the Orb.
     0 | D:1      | Reached XP level 1. HP: 9/9 MP: 5/5
   308 | D:1      | Reached skill level 3 in Spellcasting
   308 | D:1      | Reached XP level 2. HP: 13/13 MP: 4/7
  1315 | D:1      | Reached skill level 4 in Spellcasting
  1315 | D:1      | Reached XP level 3. HP: 16/16 MP: 6/9
  1908 | D:2      | Learned a level 2 spell: Searing Ray
  2010 | D:2      | Noticed a scorpion
  2114 | D:2      | Reached skill level 5 in Spellcasting
  2114 | D:2      | Reached XP level 4. HP: 18/21 MP: 2/12
  3012 | D:3      | Reached XP level 5. HP: 24/24 MP: 8/13
  3602 | D:4      | Found Kicod's Jewellery Boutique.
  3624 | D:4      | Learned a level 3 spell: Dazzling Spray
  3768 | D:4      | Noticed Ijyb
  3949 | D:4      | Reached skill level 1 in Hexes
  4132 | D:4      | Killed from afar by an orc priest

Skill      XL: |  1  2  3  4  5 |
---------------+----------------+-----
Conjurations   | 3 4 |  4.0
Spellcasting   | 3 4 5 |  5.1
Hexes          | 1 |  1.8
Dodging        | |  3.0
Stealth        | |  3.0

Action                   |  1- 3 |  4- 6 || total
-------------------------+-------+-------++-------
Melee: Short sword       |     5 |       ||     5
 Cast: Magic Dart        |    92 |    56 ||   148
       Searing Ray       |     2 |     6 ||     8
Evoke: Wand              |       |     1 ||     1
  Use: Scroll            |     1 |     1 ||     2
 Stab: Sleeping          |     2 |       ||     2
  Eat: Ration            |       |     1 ||     1
Armor: Robe              |     2 |     3 ||     5
Dodge: Dodged            |    18 |    16 ||    34
